 Dungeon Crawl Stone Soup version 0.20-a0-700-gbd4582c (webtiles) character file.

26 M4edhros the Sneak (level 3, 0/23 HPs)
             Began as an Octopode Artificer on Feb 19, 2017.
             Slain by Sigmund
             ... wielding a +0 scythe
              (4 damage)
             ... on level 3 of the Dungeon on Feb 20, 2017.
             The game lasted 00:02:19 (291 turns).

M4edhros the Sneak (Octopode Artificer)              Turns: 291, Time: 00:02:20

Health: 0/23       AC:  1    Str: 11    XL:     3   Next: 8%
Magic:  5/5        EV: 13    Int: 13    God:
Gold:   18         SH:  0    Dex: 13    Spells: 2/2 levels left

rFire    . . .     SeeInvis .   e - +2 whip (venom)
rCold    . . .     Gourm    .   (no shield)
rNeg     . . .     Faith    .   (helmet restricted)
rPois    .         Spirit   .   (no amulet)
rElec    .         Reflect  .   (no ring)
rCorr    .         Harm     .   (no ring)
MR       .....                  (no ring)
Stlth    ++++......             (no ring)
Regen    0.1/turn               (no ring)
MPRegen  0.1/turn               (no ring)
                                (no ring)
                                (no ring)

@: no status effects
A: almost no armour, stealthy swim, amphibious, 8 rings, constrict 8, camouflage
1, gelatinous body 1
a: no special abilities


You were on level 3 of the Dungeon.
You were not hungry.

You visited 1 branch of the dungeon, and saw 3 of its levels.

You collected 18 gold pieces.

Inventory:

Hand Weapons
 a - a +0 short sword
 e - a +2 whip of venom (weapon)
Missiles
 j - 28 stones (quivered)
Wands
 b - a wand of flame (15/48)
 c - a wand of enslavement (12/24)
 d - a wand of random effects (14/48)
Scrolls
 k - a scroll of identify {unknown}
Potions
 h - a potion of heal wounds {unknown}
 i - 2 potions of curing
Comestibles
 f - 3 bread rations
 g - a meat ration
 l - 4 chunks of flesh


   Skills:
 - Level 1.0 Fighting
 - Level 1.0 Short Blades
 - Level 2.0 Dodging
 + Level 4.2 Stealth
 - Level 3.2 Evocations


You had 2 spell levels left.
You didn't know any spells.

Dungeon Overview and Level Annotations

Branches:
Dungeon (3/15)

Altars:

Annotations:
D:3 Sigmund


Innate Abilities, Weirdness & Mutations

You cannot wear most types of armour.
You are very stealthy in the water. (Stealth+)
You are amphibious.
You can wear up to eight rings at the same time.
You can use your tentacles to constrict eight enemies at once.
Your skin changes colour to match your surroundings (Stealth+).
Your rubbery body absorbs attacks. (AC +1, EV +1)


Message History

Deactivating autopickup; reactivate with Ctrl-A.
This wand has 14 charges left.
Evoke which item? (* to show all) (? for menu, Esc to quit)
Aiming: Enslavement
Press: ? - help, Shift-Dir - straight line Nothing appears to happen.
This wand has 14 charges left.
You hear some strange, mumbled words.
Something tries to affect you, but you resist.
Evoke which item? (* to show all) (? for menu, Esc to quit)
Aiming: Enslavement
Press: ? - help, Shift-Dir - straight line Nothing appears to happen.
This wand has 13 charges left.
A magic dart appears from out of thin air!
The magic dart hits you!
* * * LOW HITPOINT WARNING * * *
Evoke which item? (* to show all) (? for menu, Esc to quit)
Aiming: Enslavement
Press: ? - help, Shift-Dir - straight line Nothing appears to happen.
This wand has 12 charges left.
Something hits you.
You die...

#.# ..# #.# .
#.#####..
##....... ..
#####.#.#..##.#
#.............#
#.#<#..# #..@#
##.## #.. ###


There were no monsters in sight!

Vanquished Creatures
  An adder (D:2)
  A worm (D:2)
  A leopard gecko (D:2)
  A giant cockroach (D:2)
  3 kobolds (D:2)
  4 bats
  3 frilled lizards
  A rat (D:1)
15 creatures vanquished.

Notes
Turn   | Place    | Note
-------+----------+-------------------------------------------
     0 | D:1      | M4edhros the Octopode Artificer began the quest for the Orb.
     0 | D:1      | Reached XP level 1. HP: 13/13 MP: 3/3
    56 | D:1      | Reached skill level 2 in Stealth
   122 | D:2      | Reached skill level 3 in Stealth
   122 | D:2      | Reached XP level 2. HP: 12/18 MP: 4/4
   271 | D:2      | Reached skill level 4 in Stealth
   274 | D:2      | Reached XP level 3. HP: 13/23 MP: 5/5
   286 | D:3      | Noticed Sigmund
   291 | D:3      | Slain by Sigmund

Vault maps used:
D:1:      lightli_iron_boxes
D:2:      grunt_qazlal_sundering, first_bread
D:3:      uniq_terence, uniq_sigmund

Skill      XL: |  1  2 |
---------------+-------+-----
Stealth        | 3 4 |  4.2
Fighting       | |  1.0
Short Blades   | |  1.0
Dodging        | |  2.0
Evocations     | |  3.2

Action                   || total
-------------------------++-------
Melee: Short sword       ||    13
       Tentacles         ||     2
       Constrict         ||     5
       Whip              ||    14
Evoke: Wand              ||     4
  Use: Potion            ||     1
 Stab: Sleeping          ||     7
Armor: Skin              ||     1
Dodge: Dodged            ||    11
